 Dungeon Crawl Stone Soup version 0.29.1-2-gbd0b4ee654 (webtiles) character file.

Game seed: 6198935529678816216

58 fireball365 the Covered (level 3, 0/33 HPs)
             Began as a Minotaur Fighter on Oct 26, 2022.
             Was an Initiate of Gozag.
             Succumbed to an orc wizard's poison
             ... on level 3 of the Dungeon.
             The game lasted 00:08:42 (2343 turns).

fireball365 the Covered (Minotaur Fighter)          Turns: 2343, Time: 00:08:43

Health: 0/33       AC:  9    Str: 20    XL:     3   Next: 76%
Magic:  2/2        EV:  9    Int:  5    God:    Gozag
Gold:   249        SH:  4    Dex: 11    Spells: 2/2 levels left

rFire   + . .      SeeInvis .   a - +0 war axe
rCold   . . .      Faith    .   c - +0 buckler
rNeg    . . .      Spirit   .   b - +0 scale mail
rPois   .          Reflect  .   (helmet restricted)
rElec   .          Harm     .   (no cloak)
rCorr   .          Rampage  .   (no gloves)
Will    .....                   (no boots)
Stlth   ..........              (no amulet)
HPRegen 0.11/turn               (no ring)
MPRegen 0.08/turn               (no ring)

@: mighty, lethally poisoned (0 -> -33), gold aura
A: horns 2, retaliatory headbutt, iridescent scales 1, fire resistance 1
a: Renounce Religion, Potion Petition, Call Merchant, Bribe Branch


You were on level 3 of the Dungeon.
You worshipped Gozag.
Gozag was aware of your devotion.
You visited 1 branch of the dungeon, and saw 3 of its levels.

You collected 249 gold pieces.

Inventory:

Hand Weapons
 a - a +0 war axe (weapon)
Missiles
 e - 2 throwing nets (quivered)
 f - 13 stones
Armour
 b - a +0 scale mail (worn)
 c - a +0 buckler (worn)
Scrolls
 g - 2 scrolls of immolation
 h - a scroll of amnesia
 i - 2 scrolls of vulnerability
 j - a scroll of identify


   Skills:
 + Level 4.2 Fighting
 + Level 3.2 Axes
 + Level 4.3 Armour
 + Level 4.2 Shields


You had 2 spell levels left.
You didn't know any spells.
Your spell library contained the following spells:

 Spells                   Type           Power      Damage    Failure   Level
 Portal Projectile        Hex/Tloc       0%         N/A       99%         3
 Tukima's Dance           Hex            0%         N/A       99%         3
 Blade Hands              Tmut           0%         N/A       100%        5


Dungeon Overview and Level Annotations

Branches:
Dungeon (3/15)

Altars:
Gozag


Innate Abilities, Weirdness & Mutations

You have a pair of horns on your head.
You reflexively headbutt those who attack you in melee.
You are partially covered in iridescent scales. (AC +2)
Your flesh is heat resistant. (rF+)


Message History

You barely miss the hobgoblin. You slash the hobgoblin!
You kill the hobgoblin!
The hobgoblin barely misses you. The hobgoblin hits you.
You barely miss the hobgoblin. The hobgoblin closely misses you.
You slash the hobgoblin!
You kill the hobgoblin!
The orc wizard casts a spell at you.
The puff of flame hits you but does no damage.
You see here 7 gold pieces.
The orc wizard mumbles some strange words.
The orc wizard flickers and vanishes!
Deactivating autopickup; reactivate with Ctrl-A.
You see here 7 gold pieces.
You barely miss something.
You hear a shout!
The orc wizard hits you but does no damage.
You are poisoned.
Something completely misses you.
You closely miss the orc wizard. You hit something but do no damage.
You feel very sick. The orc wizard casts a spell at you.
You resist with significant effort. Something hits you but does no damage.
You are more poisoned.
The orc priest calls down the wrath of Beogh upon you.
Beogh smites you!
Ouch! That really hurt!
The orc wizard gestures wildly while chanting.
The orc wizard flickers and vanishes!
As you read the scroll of immolation, it crumbles to dust.
The creatures around you are filled with an inner flame!
* * * LOW HITPOINT WARNING * * *
You feel very sick. Something hits you.
* * * LOW HITPOINT WARNING * * *
You are more poisoned.
Something hits you but does no damage.
You are more poisoned.
You feel very mighty all of a sudden.
You die...
Your body crumbles into a pile of gold.

# #oo$ ##.# #..#.###.>
##.....##.# #.........
#.......#.## #.........
#.~..o~.#..# ##..[#####
#...o...#..# #...#
#......o#..# #...#
#.......#..#####...#
#.~...~{#..##......#
.#......@#..##>##...#
........$...##.##..)#
.##.....$.#.........#
#............#...)#####
#.......######.#....<..
#.......# #.#.######
.......... ..#.#
.##.#####.## ##.#.# ##
.## #.#


You could see an orc priest (inner flame) and 2 orcs.

Vanquished Creatures
  An adder (D:2)
  A dart slug (D:1)
  3 ball pythons
  3 bats
  3 endoplasms
  5 goblins
  6 hobgoblins
  7 jackals
  4 kobolds
  4 frilled lizards
  5 rats
  A bush (D:1)
43 creatures vanquished.

Vanquished Creatures (others)
  5 fungi (D:1)
  20 plants (D:1)
25 creatures vanquished.

Grand Total: 68 creatures vanquished

Notes
Turn   | Place    | Note
-------+----------+-------------------------------------------
     0 | D:1      | fireball365 the Minotaur Fighter began the quest for the
                  | Orb.
     0 | D:1      | Reached XP level 1. HP: 19/19 MP: 0/0
   383 | D:1      | Reached XP level 2. HP: 25/27 MP: 1/1
   523 | D:1      | Gained mutation: Your flesh is heat resistant. (rF+)
                  | [potion of mutation]
   523 | D:1      | Gained mutation: You are partially covered in iridescent
                  | scales. (AC +2) [potion of mutation]
   837 | D:1      | Found a faded altar of an unknown god.
   906 | D:1      | Prayed at the altar of an unknown god.
   906 | D:1      | Became a worshipper of Gozag Ym Sagoz the Greedy
  1291 | D:2      | Reached XP level 3. HP: 33/33 MP: 2/2
  2343 | D:3      | Succumbed to an orc wizard's poison

Illustrated notes

Levels and vault maps discovered:
D:1:      minmay_arrival_floating_metal, layout_basic,
          shapermc_ecumenical_altar_mp_urbaneastern, serial_forest,
          infiniplex_forest_straight_3, infiniplex_forest_clump_large,
          infiniplex_forest_zigzag_1, infiniplex_forest_lined_corner,
          infiniplex_forest_lined_3_way, infiniplex_forest_clump_tiny,
          infiniplex_forest_end_double, palyth_stone_intersect
D:2:      layout_loops_cross
D:3:      cheibrodos_pilgrimage, layout_loops_ring,
          nicolae_overflow_hidden_temple

Skill      XL: |  1  2 |
---------------+-------+-----
Fighting       | 4 |  4.2
Shields        | 4 |  4.2
Armour         | 4 |  4.3
Axes           | 3 |  3.2

Action                   || total
-------------------------++-------
Melee: War axe           ||   191
       Headbutt          ||    45
Throw: Throwing net      ||     1
  Use: Scroll            ||     6
       Potion            ||     6
Armor: Scale mail        ||    57
Dodge: Dodged            ||    47
Block: Buckler           ||    22
